AoeStats
← xXxDstroyxXx

Hideout

510039357Analyzed
1v1 RM · 2d ago on Sep 29, 2026· 35m 45s· 2 players
Game mode
Random Map
Map size
Tiny (2 player)
Population
200
Speed
Normal
Resources
Standard
Victory
Conquest
Starting age
Dark Age
Ending age
Imperial Age
RankedLock teamsTeams togetherTeam positionsShared explorationLock speedFull tech treeHidden civsTurbo modeCheats
Victory
Defeat
🇦🇷 Spanish · Argentina
1715
+17
🇨🇴 Mongols · Colombia
1742
-17
alex_a025
7:23 Loom
11:04 Feudal Age
14:54 Castle Age
12:55 Double-Bit Axe
15:49 Bow Saw
26:06 Imperial Age
24:28 Padded Archer Armor
26:41 Leather Archer Armor
28:32 Conscription
28:53 Ring Archer Armor
32:02 Wheelbarrow
33:04 Bloodlines
32:54 Husbandry
xXxDstroyxXx
9:37 Feudal Age
10:56 Double-Bit Axe
13:27 Castle Age
11:49 Horse Collar
12:47 Forging
16:58 Loom
28:15 Imperial Age
26:54 Fletching
27:04 Padded Archer Armor
27:59 Bodkin Arrow
27:53 Town Watch
29:04 Bracer
29:44 Leather Archer Armor
32:10 Conscription
33:13 Elite Skirmisher
34:25 Elite Skirmisher
35:33 Elite Skirmisher
Connection lost

Rejoining the realm…

Still unreachable

The connection could not be restored.

Session expired

The server has moved on; the page needs a fresh start.